 Dungeon Crawl Stone Soup version 0.27-a0-1196-g3e9cee4cb2 (webtiles) character file.

Game seed: 3676893138371029557

6083 Kold the Destroyer (level 10, -25/74 HPs)
             Began as a Red Draconian Conjurer on May 28, 2021.
             Was an Initiate of Vehumet.
             Annihilated by a white ugly thing (33 damage)
             ... on level 9 of the Dungeon.
             The game lasted 00:19:57 (10718 turns).

Kold the Destroyer (Red Draconian Conjurer)        Turns: 10718, Time: 00:19:58

Health: -25/74     AC: 10    Str: 11    XL:     10   Next: 58%
Magic:  21/24      EV: 12    Int: 27    God:    Vehumet [......]
Gold:   468        SH:  0    Dex:  9    Spells: 18/29 levels left

rFire    + + .     SeeInvis +   u - +7 flail (vorpal)
rCold    . . .     Faith    .   (no shield)
rNeg     . . .     Spirit   .   (armour unavailable)
rPois    .         Reflect  .   (helmet restricted)
rElec    .         Harm     .   E - +2 cloak {Will+}
rCorr    .         Rampage  .   (no gloves)
Will     +....                  (no boots)
Stlth    +++.......             (no amulet)
HPRegen  0.22/turn              I - ring of protection from cold
MPRegen  0.19/turn              h - ring "Iruops" {Fire Int+6 SInv Stlth+}

@: about to teleport, marked, slowed, very slow
A: breathe fire, AC +7, unfitting armour, fire resistance 1, cold-blooded
a: Breathe Fire, Renounce Religion


You were on level 9 of the Dungeon.
You worshipped Vehumet.
Vehumet was noncommittal.
You visited 2 branches of the dungeon, and saw 10 of its levels.
You also visited: Ossuary.

You collected 468 gold pieces.

Inventory:

Hand Weapons
 e - a +3 dagger
 u - a +7 vorpal flail (weapon)
Armour
 E - a +2 cloak of willpower (worn)
Jewellery
 b - the ring "Caascheka" {rPois rCorr}
   (You acquired it on level 6 of the Dungeon)

   [ring of resist corrosion]

   It protects you from poison.
   It protects you from acid and corrosion.
 h - the ring "Iruops" (right hand) {Fire Int+6 SInv Stlth+}
   (You found it on level 6 of the Dungeon)

   [ring of fire]

   It enhances your fire magic.
   It affects your intelligence (+6).
   It protects you from fire.
   It makes you vulnerable to cold.
   It lets you see invisible.
   It makes you more stealthy.
 l - a ring of magical power
 v - a +6 ring of dexterity
 I - a ring of protection from cold (left hand)
Wands
 o - a wand of charming (8)
 t - a wand of acid (3)
 B - a wand of polymorph (10)
 D - a wand of iceblast (10)
 G - a wand of digging (13)
 H - a wand of paralysis (7)
Scrolls
 d - a scroll of fog {unknown}
 g - 10 scrolls of identify
 k - a scroll of summoning
 n - 4 scrolls of magic mapping {unknown}
 r - a scroll of holy word {unknown}
 y - 2 scrolls of enchant armour {unknown}
 z - 3 scrolls of blinking {unknown}
 A - 2 scrolls of enchant weapon
 C - 2 scrolls of teleportation
Potions
 a - 3 potions of curing
 c - 2 potions of lignification {unknown}
 f - a potion of cancellation {unknown}
 i - 2 potions of attraction {unknown}
 j - a potion of resistance {unknown}
 m - 2 potions of invisibility
 p - 2 potions of flight {unknown}
 q - 2 potions of haste {unknown}
 s - a potion of ambrosia {unknown}
 w - 3 potions of might {unknown}
 x - 2 potions of berserk rage
 J - a potion of heal wounds
Miscellaneous
 F - a phantom mirror (inert)


   Skills:
 + Level 2.6 Fighting
 + Level 3.1 Dodging
 - Level 2.0 Stealth
 - Level 10.0 Spellcasting
 + Level 11.4 Conjurations
 - Level 3.0 Translocations


You had 18 spell levels left.
You knew the following spells:

 Your Spells              Type           Power      Damage    Failure   Level
a - Magic Dart            Conj           100%       1d8       1%          1
b - Searing Ray           Conj           100%       3d7       1%          2
c - Iskenderun's Mystic   Conj/Tloc      51%        2d11      2%          4
d - Fulminant Prism       Conj/Hex       22%        3d13      4%          4

Your spell library contained the following spells:

 Spells                   Type           Power      Damage    Failure   Level
 Dazzling Flash           Conj/Hex       88%        N/A       1%          3
 Animate Skeleton         Necr           26%        N/A       4%          1
 Freeze                   Ice            52%        1d7       4%          1
 Pain                     Necr           52%        1d6       4%          1
 Hailstorm                Conj/Ice       44%        3d10      4%          4
 Corpse Rot               Necr/Air       N/A        N/A       6%          2
 Frozen Ramparts          Ice            26%        1d4       13%         3
 Ozocubu's Armour         Ice            13%        N/A       13%         3
 Vampiric Draining        Necr           6%         2d6       13%         3
 Ice Form                 Ice/Tmut       13%        N/A       38%         4
 Summon Ice Beast         Ice/Summ       13%        N/A       38%         4
 Metabolic Englaciation   Hex/Ice        6%         N/A       75%         5
 Freezing Cloud           Conj/Ice/Air   17%        6-21      80%         6
 Simulacrum               Ice/Necr       6%         N/A       100%        6
 Ozocubu's Refrigeration  Ice            6%         4d6       100%        7


Dungeon Overview and Level Annotations

Branches:
Dungeon (9/15)             Temple (1/1) D:7            Lair (0/6) D:9
Ossuary (visited)
    Orc: D:9-12

Altars:
Ashenzari
Cheibriados
Dithmenos
Elyvilon
Fedhas
Gozag
Hepliaklqana
Makhleb
Nemelex Xobeh
Okawaru
Qazlal
Ru
Sif Muna
Trog
Uskayaw
Vehumet
Wu Jian
Xom
Yredelemnul
Zin
The Shining One

Shops:
D:4 [*?(

Annotations:
D:8 3 runed translucent doors, Domino's ghost, novice MiBe


Innate Abilities, Weirdness & Mutations

You can breathe blasts of fire.
Your fiery red scales are hard. (AC +7)
You cannot fit into any form of body armour.
Your flesh is heat resistant. (rF+)
You are cold-blooded and may be slowed by cold attacks.


Message History

g - 10 scrolls of identify (gained 1)
You set off the alarm!
A sentinel's mark forms upon you.
You hear two shouts!
You hear a horrible gurgling sound!
You hear a shout!
You hear a bellow!
You hear a shout! x3; You hear a bellow!
You hear a shout! x2
You hear a bellow! x3; You hear a shout! x4
Found a broken altar of Ashenzari.
You now have 457 gold pieces (gained 16).
Found a glowing golden altar of the Shining One and a sacrificial altar of Ru.
Found a burning altar of Makhleb.
You now have 468 gold pieces (gained 11).
Found an opulent altar of Gozag.
Found a shimmering blue altar of Sif Muna.
A white ugly thing comes into view.
Found a scroll labelled WAETOS UTOFO.
Casting: Searing Ray (safe; 1% risk of failure)
Confirm with . or Enter, or press ? or * to list all spells.
Aiming: Searing Ray (safe; 1% risk of failure)
Press: ? - help, Shift-Dir - straight line, f - white ugly thing
Aim: a white ugly thing (83% to hit)
The searing ray hits the white ugly thing.
The white ugly thing is lightly wounded. (Press . to maintain the ray.)
The white ugly thing tentacle-slaps you but does no damage.
The searing ray hits the white ugly thing!
The white ugly thing is lightly wounded.
The white ugly thing tentacle-slaps you!
The white ugly thing freezes you!!
A yak comes into view.
As you read the scroll of teleportation, it crumbles to dust.
You feel strangely unstable.
The white ugly thing tentacle-slaps you.
The white ugly thing freezes you!
You feel yourself slow down.
* * * LOW HITPOINT WARNING * * *
A centaur comes into view. It is wielding a +0 falchion.
The white ugly thing tentacle-slaps you!
* * * LOW HITPOINT WARNING * * *
The white ugly thing freezes you!!
You feel as though you will be slow longer.
You die...

######.#####......# #.#
####.### #.# #.# ##'##
############## # ##...##
#..#⌠#_#_#_#_## ###
##.....###..8.#.#.#.#..#
#.##
#.......##............⌠#
...#
#.>.......#............_#
####
########..@..8.#.#.#.#.##
#### #..#u.#####_###⌠#
#...# ####Y## ### ###
#.#.# #c..?...# .⌠.#
####.#### ..# # .# ..#
.⌠.#


You could see a white ugly thing, a yak and a centaur.

Vanquished Creatures
  Erica (D:9)
  A troll (D:8)
  Grinder (D:3)
  A hornet (D:9)
  Prince Ribbit (D:8)
  Sigmund (D:6)
  4 yaks
  A wraith (Ossuary)
  2 steam dragons
  A vampire mosquito (D:7)
  Edmund (D:5)
  3 water moccasins (D:6)
  2 sky beasts
  A black bear (D:6)
  An orc warrior (D:7)
  A hornet zombie (D:8)
  An ice beast (D:6)
  A necrophage (D:6)
  4 ogres
  2 phantoms
  A gnoll sergeant (D:9)
  3 bullfrogs (D:7)
  A water moccasin zombie (D:6)
  A wyvern skeleton (D:7)
  5 killer bees (D:7)
  5 wights (D:7)
  2 howler monkeys (D:6)
  2 centaur zombies
  A bullfrog zombie (D:7)
  2 jellies
  A gnoll shaman (D:5)
  3 hounds
  2 centaur skeletons (D:7)
  An orc priest (D:3)
  A bullfrog skeleton (D:7)
  4 iguanas
  4 orc wizards (D:5)
  A hound skeleton (D:5)
  A mummy (Ossuary)
  2 howler monkey skeletons
  6 adders
  13 gnolls
  2 shadow imps (D:7)
  A white imp (D:7)
  An ufetubus (D:7)
  A worm (D:3)
  2 dart slugs
  14 orcs
  6 ball pythons
  6 bats
  2 bat skeletons (D:9)
  5 endoplasms
  4 giant cockroaches
  10 goblins
  10 hobgoblins
  4 jackals
  4 frilled lizards
  6 gnoll skeletons (Ossuary)
  7 kobolds
  5 kobold skeletons (Ossuary)
  13 orc skeletons (Ossuary)
  6 rats
202 creatures vanquished.

Notes
Turn   | Place    | Note
-------+----------+-------------------------------------------
     0 | D:1      | Kold the Draconian Conjurer began the quest for the Orb.
     0 | D:1      | Reached XP level 1. HP: 14/14 MP: 3/3
   276 | D:1      | Reached XP level 2. HP: 20/20 MP: 1/5
   796 | D:1      | Reached XP level 3. HP: 26/26 MP: 4/6
   800 | D:1      | Learned a level 2 spell: Searing Ray
  1700 | D:2      | Found a bloodstained altar of Trog.
  1930 | D:3      | Reached XP level 4. HP: 29/33 MP: 8/8
  2224 | D:3      | Found a faded altar of an unknown god.
  2247 | D:3      | Found a bloodstained altar of Trog.
  2428 | D:3      | Noticed Grinder
  2445 | D:3      | Killed Grinder
  2446 | D:3      | Reached skill level 5 in Conjurations
  2446 | D:3      | Reached XP level 5. HP: 26/38 MP: 1/11
  2446 | D:3      | Reached XP level 6. HP: 31/45 MP: 1/12
  2949 | D:3      | Reached skill level 6 in Conjurations
  3203 | D:4      | Reached skill level 5 in Spellcasting
  3203 | D:4      | Your scales start taking on a fiery red colour.
  3203 | D:4      | Reached XP level 7. HP: 37/50 MP: 14/14
  3203 | D:4      | Gained mutation: Your flesh is heat resistant. (rF+) [Red
                  | Draconian growth]
  3249 | D:4      | Learned a level 4 spell: Iskenderun's Mystic Blast
  3254 | D:4      | Learned a level 4 spell: Fulminant Prism
  3607 | D:4      | Reached skill level 1 in Translocations
  3636 | D:4      | Found Rudwoh Zua's Magic Scroll Shop.
  3636 | D:4      | Found Niecwer's Armour Shop.
  3636 | D:4      | Found Baed's Antique Weapon Shop.
  3637 | D:4      | Found Labrydyi's Assorted Antiques.
  4035 | D:4      | Found an iron altar of Okawaru.
  4440 | D:5      | Entered Level 5 of the Dungeon
  4448 | D:5      | Reached skill level 7 in Conjurations
  4593 | D:5      | Noticed Edmund
  4606 | D:5      | Killed Edmund
  4607 | D:5      | Reached XP level 8. HP: 50/57 MP: 10/16
  4815 | D:5      | You fall into a shaft and drop 1 floor!
  4834 | D:6      | Identified a scroll of acquirement
  4834 | D:6      | Acquired the ring "Caascheka" {rPois rCorr}
  4897 | D:6      | Noticed Sigmund
  4942 | D:6      | Identified the ring "Iruops" {Fire Int+6 SInv Stlth+}
  4947 | D:6      | Found a sand-covered staircase.
  5024 | D:6      | Reached skill level 8 in Conjurations
  5100 | Ossuary  | Entered an ossuary
  6073 | D:5      | Reached XP level 9. HP: 62/62 MP: 20/20
  6076 | D:5      | Reached skill level 9 in Conjurations
  6153 | D:5      | Found a white marble altar of Elyvilon.
  6528 | D:6      | Killed Sigmund
  7430 | D:7      | Reached skill level 10 in Conjurations
  7589 | D:7      | Found a stormy altar of Qazlal.
  8156 | D:7      | Found a staircase to the Ecumenical Temple.
  8306 | D:7      | Identified the Disquisition on Black Rituals
  8334 | D:7      | Reached XP level 10. HP: 69/69 MP: 23/23
  8863 | Temple   | Entered the Ecumenical Temple
  8901 | Temple   | Became a worshipper of Vehumet
  9158 | D:8      | Found a hazy altar of Hepliaklqana.
  9388 | D:8      | Noticed Prince Ribbit
  9394 | D:8      | Killed Prince Ribbit
  9395 | D:8      | Reached skill level 11 in Conjurations
  9514 | D:8      | Noticed a brown ugly thing
  9515 | D:8      | Noticed Domino's ghost (novice MiBe)
  9517 | D:8      | Noticed a skeletal warrior
  9522 | D:8      | Found a runed translucent gate.
  9522 | D:8      | Found a runed translucent gate.
  9522 | D:8      | Found a runed translucent gate.
 10103 | D:9      | Found a staircase to the Lair.
 10132 | D:9      | Reached skill level 1 in Fighting
 10236 | D:9      | Reached skill level 10 in Spellcasting
 10470 | D:9      | Found an ornate altar of the Wu Jian Council.
 10557 | D:9      | Noticed Erica
 10568 | D:9      | Killed Erica
 10689 | D:9      | Found a broken altar of Ashenzari.
 10691 | D:9      | Found a glowing golden altar of the Shining One.
 10691 | D:9      | Found a sacrificial altar of Ru.
 10692 | D:9      | Found a burning altar of Makhleb.
 10694 | D:9      | Found an opulent altar of Gozag.
 10697 | D:9      | Found a shimmering blue altar of Sif Muna.
 10713 | D:9      | Noticed a white ugly thing
 10718 | D:9      | Annihilated by a white ugly thing

Illustrated notes

Levels and vault maps discovered:
D:1:      kennysheep_arrival_seaside, layout_rooms
D:2:      layout_basic, basic_altar
D:3:      layout_basic, nicolae_overflow_crystal_walls,
          shapermc_ecumenical_altar_notcrosses, uniq_grinder
D:4:      layout_basic, amcnicky_altar_gilded, minmay_shop_grid_forest
D:5:      layout_loops_ring, kennysheep_mini_moat, grunt_ministairs_9,
          uniq_edmund
D:6:      layout_loops_ring, nicolae_ossuary_entry_plus,
          kennysheep_generic_room_9, uniq_sigmund
D:7:      minmay_clustersquares, layout_cave_pools, lemuel_crystal_altar,
          minmay_temple_entry_grid, serial_rivers,
          chequers_serial_rivers_small_3, chequers_serial_rivers_room_b,
          chequers_serial_rivers_large_a, chequers_serial_rivers_room_b
D:8:      layout_loops_ring, lemuel_doored_altar, gammafunk_ghost_split,
          uniq_prince_ribbit1
D:9:      minmay_the_grid_octo_tiled_squarecenter
          [minmay_the_grid_octo_tetromino_candy, minmay_the_grid_octo_chip,
          minmay_the_grid_octo_concentric, minmay_the_grid_octo_toaster,
          minmay_the_grid_square_5x5_megaprize_hollow,
          minmay_the_grid_square_5x5_tie,
          minmay_the_grid_square_5x5_checkered_statues,
          minmay_the_grid_square_5x5_empty, minmay_the_grid_square_5x5_plus],
          layout_loops_corners, kennysheep_vampire_church,
          nzn_wu_jian_contemplation, minitemple, david_lair_shrubbed, uniq_erica
Temple:   jpeg_temple_island

Skill      XL: |  1  2  3  4  5  6  7  8  9 10 |
---------------+-------------------------------+-----
Dodging        | 2 3 |  3.1
Stealth        | 2 |  2.0
Spellcasting   | 3 4 5 7 9 10 | 10.0
Conjurations   | 5 6 7 8 10 11 | 11.4
Translocations | 2 3 |  3.0
Fighting       | 2 |  2.6

Action                   |  1- 3 |  4- 6 |  7- 9 | 10-12 || total
-------------------------+-------+-------+-------+-------++-------
Melee: Unarmed           |    12 |       |       |       ||    12
       Dagger            |    24 |     5 |     3 |       ||    32
       Tailslap          |     2 |       |     2 |     1 ||     5
       Flail             |       |       |     7 |    14 ||    21
 Cast: Magic Dart        |    67 |    55 |   215 |    32 ||   369
       Searing Ray       |       |     6 |    47 |    13 ||    66
       Iskenderun's Myst |       |       |     8 |     4 ||    12
 Abil: Breathe Fire      |       |       |     1 |       ||     1
Evoke: Wand              |       |       |       |     1 ||     1
       Phantom mirror    |       |       |       |     1 ||     1
  Use: Scroll            |       |       |    12 |     1 ||    13
       Potion            |       |       |     1 |       ||     1
Armor: Skin              |     8 |     4 |    39 |    12 ||    63
Dodge: Dodged            |    31 |     7 |    64 |    27 ||   129

Table legend: (Time is in decaauts)
 A = Elapsed time spent in this place.
 B = Non-inter-level travel time spent in this place.
 C = Inter-level travel time spent in this place.
 D = Time resting spent in this place.
 E = Time spent auto-exploring this place.
 F = Levels seen in this place.
 G = Mean time per level.
                   A        B        C        D        E       F      G
               +--------+--------+--------+--------+--------+-----+--------+
         Total |  10753 |  10278 |    475 |   1474 |   7536 |  11 |  977.5 |
       Dungeon |  10190 |   9757 |    433 |   1362 |   7243 |   9 | 1132.2 |
        Temple |     73 |     32 |     41 |      0 |     31 |   1 |   73.0 |
       Ossuary |    489 |    489 |      0 |    112 |    262 |   1 |  489.0 |
               +--------+--------+--------+--------+--------+-----+--------+

Top non-repeatable levels by time:
     D:7: 1733 daAuts
     D:4: 1413 daAuts
     D:5: 1131 daAuts
     D:8: 1129 daAuts
     D:3: 1125 daAuts
     D:6: 1121 daAuts
     D:1: 1070 daAuts
     D:2: 832 daAuts
     D:9: 632 daAuts
 Ossuary: 489 daAuts
  Temple: 73 daAuts
